 Dungeon Crawl Stone Soup version 0.25.0-46-gbd7b0854d2 (webtiles) character file.

Game seed: 6110265501662450372

63 Gwenloh the Chopper (level 4, -2/40 HPs)
             Began as a Hill Orc Monk on July 14, 2020.
             Slain by a gnoll
             ... wielding a +0 club
              (9 damage)
             ... on level 1 of the Dungeon.
             The game lasted 00:04:23 (1507 turns).

Gwenloh the Chopper (Hill Orc Monk)                 Turns: 1507, Time: 00:04:23

Health: -2/40      AC:  6    Str: 13    XL:     4   Next: 9%
Magic:  4/4        EV: 12    Int: 10    God:
Gold:   69         SH:  0    Dex: 14    Spells: 3/3 levels left

rFire    . . .     SeeInvis .   a - +0 hand axe
rCold    . . .     Gourm    .   (no shield)
rNeg     . . .     Faith    .   l - +0 leather armour
rPois    .         Spirit   .   b - +1 helmet
rElec    .         Reflect  .   f - +0 cloak
rCorr    .         Harm     .   (no gloves)
MR       .....                  (no boots)
Stlth    ++........             (no amulet)
HPRegen  0.13/turn              (no ring)
MPRegen  0.09/turn              (no ring)

@: no status effects
A: no striking features
a: no special abilities


You were on level 1 of the Dungeon.
You were not hungry.

You visited 1 branch of the dungeon, and saw 2 of its levels.

You collected 69 gold pieces.

Inventory:

Hand Weapons
 a - a +0 hand axe (weapon)
Missiles
 e - 69 stones (quivered)
Armour
 b - a +1 helmet (worn)
 f - a +0 cloak (worn)
 l - a +0 leather armour (worn)
Scrolls
 h - a scroll of identify {unknown}
 j - a scroll of teleportation {unknown}
 k - a scroll of amnesia {unknown}
Potions
 g - a potion of haste {unknown}
 i - a potion of brilliance {unknown}
Comestibles
 c - 2 rations
 d - 4 chunks of flesh


   Skills:
 + Level 4.2 Fighting
 * Level 5.3 Axes
 + Level 1.7 Armour
 - Level 2.4 Dodging
 - Level 1.5 Stealth


You had 3 spell levels left.
You didn't know any spells.
Your spell library was empty.

Dungeon Overview and Level Annotations

Branches:
Dungeon (2/15)

Altars:


Message History

You hit the gnoll but do no damage. The gnoll barely misses you.
The gnoll hits you but does no damage.
You hit the gnoll but do no damage.
The gnoll is severely wounded.
You hit the gnoll. The gnoll barely misses you.
The gnoll hits you but does no damage.
You barely miss the gnoll.
The gnoll is severely wounded.
You hit the gnoll.
You kill the gnoll!
You have reached level 4!
The gnoll hits you with a +0 club.
* * * LOW HITPOINT WARNING * * *
You hit the gnoll.
The gnoll is severely wounded.
The gnoll closely misses you.
You hit the gnoll.
The gnoll is almost dead.
The gnoll hits you with a +0 club!
You die...

#........##..#.########
#........##.##........#
#........#..###.......#
#.....................#
##..#####..##.........#
#.## #.####........####
#.# ###.#####..........#
#.# #..)##..........##..
#.# #.#@##.##.......####
#.####.#g##.##.......# #
#.#....#.#..##.......####
#.#....#.#.#####.##...##.
#.#....#.#.# #.##......
#.#...##.#.#####..##...##
#.#...........###.##.####
#.#...##.###.........## #
#.#..........####.....###


You could see a gnoll.

Vanquished Creatures
  A gnoll (D:1)
  An adder (D:2)
  2 dart slugs (D:1)
  A leopard gecko (D:1)
  3 giant cockroaches
  9 goblins
  7 hobgoblins
  A kobold (D:2)
  A ball python (D:1)
  3 bats
  3 frilled lizards
  4 rats
36 creatures vanquished.

Notes
Turn   | Place    | Note
-------+----------+-------------------------------------------
     0 | D:1      | Gwenloh the Hill Orc Monk began the quest for the Orb.
     0 | D:1      | Reached XP level 1. HP: 19/19 MP: 1/1
   294 | D:1      | Reached XP level 2. HP: 27/27 MP: 2/2
   386 | D:1      | Reached skill level 1 in Armour
   903 | D:1      | Reached XP level 3. HP: 33/33 MP: 3/3
  1185 | D:2      | Reached skill level 5 in Axes
  1505 | D:1      | Reached XP level 4. HP: 12/40 MP: 4/4
  1507 | D:1      | Slain by a gnoll

Illustrated notes

Levels and vault maps discovered:
D:1:      minmay_arrival_glassed_features, layout_rooms, kennysheep_crisscross
D:2:      layout_basic, fedhas_altar_1

Skill      XL: |  1  2  3 |
---------------+----------+-----
Armour         | 1 |  1.7
Fighting       | 4 |  4.2
Axes           | 5 |  5.3
Dodging        | |  2.4
Stealth        | |  1.5

Action                   |  1- 3 |  4- 6 || total
-------------------------+-------+-------++-------
Melee: Hand axe          |   106 |     2 ||   108
Throw: Stone             |   108 |       ||   108
  Eat: Chunk             |     2 |       ||     2
Armor: Robe              |     6 |       ||     6
       Leather armour    |    15 |       ||    15
Dodge: Dodged            |    67 |     1 ||    68
